AoeStats
← Spivvery

Black Forest

509350593Analyzed
2v2 RM · 7d ago on Sep 26, 2026· 44m 50s· 4 players
Game mode
Random Map
Map size
Medium (4 player)
Population
200
Speed
Normal
Resources
Standard
Victory
Conquest
Starting age
Dark Age
Ending age
Imperial Age
RankedLock teamsTeams togetherTeam positionsShared explorationLock speedFull tech treeHidden civsTurbo modeCheats
Victory
Defeat
🇭🇰 Bohemians · Hong Kong SAR China
1026
+10
🇭🇰 Gurjaras · Hong Kong SAR China
715
+24
🇺🇸 Turks · United States
885
-17
🇨🇳 Vietnamese · China
884
-17
Spivvery
1:31 Loom
13:11 Feudal Age
14:07 Double-Bit Axe
16:51 Castle Age
19:15 Bow Saw
19:10 Horse Collar
27:45 Wheelbarrow
27:18 Heavy Plow
27:03 Fishing Lines
27:25 Caravan
28:16 Gillnets
31:36 Imperial Age
29:27 Hand Cart
30:05 Gold Mining
30:06 Stone Mining
30:28 Fletching
30:38 Padded Archer Armor
30:39 Scale Mail Armor
30:50 Forging
30:45 Scale Barding Armor
32:08 Kshatriyas
32:44 Gold Shaft Mining
32:50 Stone Shaft Mining
33:09 Town Watch
33:49 Leather Archer Armor
33:30 Bodkin Arrow
34:10 Iron Casting
33:50 Chain Mail Armor
34:18 Iron Casting
33:58 Chain Mail Armor
33:59 Leather Archer Armor
33:53 Husbandry
34:04 Bloodlines
33:26 Elite Shrivamsha Rider
35:27 Chemistry
34:54 Ballistics
36:23 Plate Mail Armor
35:53 Bracer
36:13 Chain Barding Armor
36:16 Town Patrol
37:14 Conscription
37:36 Crop Rotation
37:03 Treadmill Crane
37:37 Masonry
37:17 Heated Shot
37:22 Murder Holes
37:38 Fortified Wall
37:18 Guard Tower
38:29 Plate Barding Armor
38:54 Coinage
39:15 Frontier Guards
39:35 Hoardings
40:17 Elite Chakram Thrower
42:53 Heavy Camel Rider
43:26 Light Cavalry
松本一香
5:39 Loom
11:49 Feudal Age
13:18 Double-Bit Axe
13:29 Horse Collar
16:11 Castle Age
17:56 Caravan
21:13 Town Watch
23:33 Wheelbarrow
29:05 Imperial Age
27:37 Hand Cart
28:42 Bow Saw
30:01 Chemistry
29:03 Padded Archer Armor
31:13 Siege Engineers
31:25 Hussite Reforms
31:26 Wagenburg Tactics
31:42 Conscription
32:02 Houfnice
34:42 Leather Archer Armor
34:56 Block Printing
35:07 Illumination
34:42 Devotion
35:03 Sanctity
34:54 Redemption
34:44 Atonement
34:54 Fervor
34:40 Herbal Medicine
37:39 Elite Hussite Wagon
40:04 Faith
40:19 Theocracy
39:39 Herbal Medicine
40:05 Heresy
sisseess
4:19 Loom
11:41 Feudal Age
15:09 Wheelbarrow
19:56 Castle Age
18:49 Double-Bit Axe
19:10 Gold Mining
19:42 Stone Mining
19:35 Horse Collar
21:57 Hand Cart
21:47 Heavy Plow
25:38 Bow Saw
27:55 Treadmill Crane
28:38 Ballistics
28:52 Fortified Wall
28:38 Fletching
29:37 Town Watch
34:55 Imperial Age
31:52 Elite Skirmisher
32:29 Bodkin Arrow
32:37 Padded Archer Armor
33:48 Stone Shaft Mining
33:21 Squires
32:42 Pikeman
34:32 Town Patrol
34:41 Thumb Ring
34:59 Leather Archer Armor
36:50 Chemistry
36:24 Imperial Skirmisher
37:26 Halberdier
39:32 Ring Archer Armor
39:02 Bracer
39:13 Forging
39:03 Scale Mail Armor
39:35 Onager
Hitman88
0:41 Loom
14:41 Feudal Age
20:44 Castle Age
19:23 Stone Mining
19:24 Double-Bit Axe
20:20 Gold Mining
25:13 Bow Saw
29:17 Treadmill Crane
32:14 Imperial Age
34:18 Artillery
38:33 Elite Janissary
40:45 Conscription
Connection lost

Rejoining the realm…

Still unreachable

The connection could not be restored.

Session expired

The server has moved on; the page needs a fresh start.